 Dungeon Crawl Stone Soup version 0.17.1-1-g73c8601 (webtiles) character file.

77 abixa the Cudgeler (level 4, -6/44 HPs)
             Began as an Ogre Skald on Jan 4, 2016.
             Mangled by a gnoll
             ... wielding a +0 flail
              (11 damage)
             ... on level 2 of the Dungeon.
             The game lasted 00:08:47 (2212 turns).

abixa the Cudgeler (Ogre Skald)                     Turns: 2212, Time: 00:08:48

Health: -6/44      AC:  5    Str: 17    XL:     4   Next: 34%
Magic:  7/7        EV:  4    Int: 12    God:
Gold:   74         SH:  0    Dex:  9    Spells: 3 memorised, 2 levels left

rFire  . . .     SeeInvis .     v - +0 flail
rCold  . . .     Clarity  .     b - +0 robe
rNeg   . . .     SustAt   .     (no shield)
rPois  .         Gourm    .     (helmet restricted)
rElec  .         Spirit   .     (no cloak)
rCorr  .         Warding  .     (gloves unavailable)
rMut   .         Stasis   .     (boots unavailable)
MR     .....                    (no amulet)
Stlth  +.........               s - +2 ring of protection
                                m - ring of wizardry

@: not resistant to hostile enchantments, very unstealthy
A: unfitting armour, tough skin 1
a: no special abilities


You were on level 2 of the Dungeon.
You were hungry.

You visited 1 branch of the dungeon, and saw 2 of its levels.

You collected 74 gold pieces.

Inventory:

Hand Weapons
 a - a +0 mace
 p - a +2 hunting sling of flaming
 v - a +0 flail (weapon)
Missiles
 e - 73 stones (quivered)
 g - 6 curare-tipped needles
 l - 17 sling bullets
Armour
 b - a +0 robe (worn)
Jewellery
 m - a ring of wizardry (left hand)
 s - a +2 ring of protection (right hand)
Scrolls
 f - a scroll of fog {unknown}
 k - 2 scrolls of identify {unknown}
 q - a scroll of enchant weapon {unknown}
 t - a scroll of teleportation {unknown}
Potions
 i - 2 potions of might {unknown}
 j - a potion of curing {unknown}
 r - a potion of flight {unknown}
 u - a potion of poison {unknown}
Books
 c - a book of Battle

   Spells                             Type                      Level
   a - Infusion                       Charms                       1
   b - Shroud of Golubria             Charms/Translocation         2
   c - Song of Slaying                Charms                       2
   d - Spectral Weapon                Hexes/Charms                 3
   e - Regeneration                   Charms/Necromancy            3
Comestibles
 d - a bread ration
 h - 11 fruits
 n - a slice of pizza
 o - a royal jelly


   Skills:
 - Level 2.6 Fighting
 + Level 5.9 Maces & Flails
 - Level 1.3 Dodging
 - Level 2.4 Spellcasting
 - Level 2.1 Charms


You had 2 spell levels left.
You knew the following spells:

 Your Spells              Type           Power        Failure   Level  Hunger
a - Infusion              Chrm           #.....       4%          1    ##.....
b - Song of Slaying       Chrm           #.......     7%          2    ###....
c - Shroud of Golubria    Chrm/Tloc      #.........   12%         2    ###....


Dungeon Overview and Level Annotations

Branches:
Dungeon (2/15)

Altars:


Innate Abilities, Weirdness & Mutations

You are too large for most types of armour.
You have tough skin (AC +1).


Message History

Your song has ended.
There is a stone staircase leading up here.
A goblin comes into view.
The goblin shouts!
The goblin moves out of view.
You see here a club.
The gnoll hits you but does no damage.
You see here a gnoll corpse.
There is a stone staircase leading up here.
You see here a club.
The goblin hits you.
* * * LOW HITPOINT WARNING * * *
The goblin hits you.
* * * LOW HITPOINT WARNING * * *
The gnoll hits you with a flail.
* * * LOW HITPOINT WARNING * * *
You see here a gnoll corpse.
There is a stone staircase leading up here.
The gnoll hits you with a flail!
You die...

#......#)##.##.......#
#.....#..##.##.#####.#
##.............# #.#
##....#[#..#.## #.#
###.#.....#.# #.#
####.......#.#### #.#
##.###)######....#
#.##### ##...#..#
####.# #.....#
.......## #@# #####.#
.......# #g# #.#
#....g## #g# #.#
##....# #.# #.# ##.#g#
###g# #.# ###.# #...#
#.# #.#########.###
#.# #.....g.....# #.#
##########..# #.#


You could see 2 gnolls and a goblin.

Vanquished Creatures
  An adder (D:2)
  A gnoll (D:2)
  An ooze (D:1)
  3 worms
  3 goblins (D:2)
  7 hobgoblins
  8 kobolds
  5 bats
  2 giant cockroaches
  4 giant newts
  3 jackals (D:2)
  9 rats
47 creatures vanquished.

Notes
Turn   | Place    | Note
--------------------------------------------------------------
     0 | D:1      | abixa the Ogre Skald began the quest for the Orb.
     0 | D:1      | Reached XP level 1. HP: 22/22 MP: 3/3
    10 | D:1      | Reached skill level 3 in Maces & Flails
    33 | D:1      | HP: 1/22 [hobgoblin (1)]
    39 | D:1      | Reached XP level 2. HP: 2/29 MP: 0/5
   644 | D:1      | Reached skill level 4 in Maces & Flails
  1015 | D:1      | Reached XP level 3. HP: 28/36 MP: 0/6
  1360 | D:2      | Reached skill level 5 in Maces & Flails
  1668 | D:2      | Reached XP level 4. HP: 33/44 MP: 3/7
  2094 | D:1      | Learned a level 2 spell: Song of Slaying
  2097 | D:1      | Learned a level 2 spell: Shroud of Golubria
  2134 | D:2      | HP: 1/44 [gnoll/flail (14)]
  2196 | D:2      | HP: 2/44 [gnoll/flail (3)]
  2212 | D:2      | Mangled by a gnoll

Action                   |  1- 3 |  4- 6 || total
-------------------------+-------+-------++-------
Melee: Mace              |   136 |    36 ||   172
       Flail             |       |     9 ||     9
 Cast: Infusion          |    13 |     3 ||    16
       Song of Slaying   |       |     1 ||     1
  Eat: Chunk             |     3 |     1 ||     4
